 Seeded DCSS version 0.24.1-14-gf8d2b509d9 (webtiles) character file.

Game seed: 16997218937989440053, levelgen mode: deterministic

1779073 tkbsonic5 the Acrobat (level 27, 235/235 HPs)
             Began as a Merfolk Gladiator on Feb 23, 2023.
             Was the Champion of the Shining One.
             Escaped with the Orb
             ... and 3 runes on May 7, 2023!
             The game lasted 07:40:25 (64875 turns).

tkbsonic5 the Acrobat (Merfolk Gladiator)          Turns: 64875, Time: 07:40:25

Health: 235/235    AC: 37    Str: 28    XL:     27
Magic:  37/37      EV: 25    Int: 15    God:    the Shining One [******]
Gold:   764        SH: 17    Dex: 20    Spells: 27/28 levels left

rFire    + + +     SeeInvis .   c - +8 autumn katana {slice, Clar, Gabriel's Katana(11/21)}
rCold    x . .     Gourm    .   x - +1 shield {reflect}
rNeg     + + +     Faith    .   o - +9 plate armour "Xaseiram" {+Blink rF+ rCorr Dex-2}
rPois    .         Spirit   +   H - +1 hat {MR+}
rElec    .         Reflect  +   g - scarf {Spirit}
rCorr    +         Harm     .   L - +2 pair of gloves {Str+3}
MR       ++++.     Clarity  +   y - +0 pair of boots
Stlth    ..........             t - amulet of Apanos {+Rage +Fly rC- Int+3}
HPRegen  0.00/turn              a - ring of protection from magic
MPRegen  0.25/turn              U - ring of Joebeng {rF+ Dex+5 Stlth+}

@: glowing
A: change form in water, swift swim, stealthy swim, icy blue scales 1,
iridescent scales 2, blurry vision 1, clever 2, fire resistance 1, inhibited
regeneration, evolution 1, subdued magic 1
0: Orb of Zot
}: 3/15 runes: barnacled, silver, gossamer
a: Divine Shield, Cleansing Flame, Summon Divine Warrior, Renounce Religion,
Evoke Blink, Evoke Berserk Rage, Evoke Flight


You escaped.
You worshipped the Shining One.
The Shining One was exalted by your worship.
You were not hungry.

You visited 10 branches of the dungeon, and saw 50 of its levels.
You also visited: Volcano.

You collected 9268 gold pieces.
You spent 8504 gold pieces at shops.

Inventory:

Hand Weapons
 c - the +8 autumn katana (weapon) {slice, Clar, Gabriel's Katana(11/21)}
   (You found it on level 1 of the Depths)

   It inflicts extra damage upon your enemies.
   It protects you against confusion.
 d - the +6 quarterstaff "Beastbane" {speed, +Blink}
   (You took it off a deep elf annihilator on level 3 of the Elven Halls)

   Attacks with this weapon are significantly faster.
   It lets you blink.
 I - the +7 Singing Sword {slice, sonic wave, Prayers Over Packages(6/21)}
   (You found it on level 6 of the Dungeon)

   It inflicts extra damage upon your enemies.
Missiles
 m - 6 boomerangs of dispersal
 F - 5 javelins (quivered) {Lighting Bolts}
 N - a throwing net
 R - a curare-tipped dart
Armour
 b - +1 gold dragon scales
 g - a scarf of spirit shield (worn)
 o - the +9 plate armour "Xaseiram" (worn) {+Blink rF+ rCorr Dex-2}
   (You bought it in a shop on level 2 of the Elven Halls)

   It affects your dexterity (-2).
   It protects you from fire.
   It lets you blink.
   It provides partial protection from all sources of acid and corrosion.
 x - a +1 shield of reflection (worn)
 y - a +0 pair of boots (worn)
 H - a +1 hat of magic resistance (worn)
 L - a +2 pair of gloves of strength (worn)
Jewellery
 a - a ring of protection from magic (left hand)
 p - an uncursed amulet of the acrobat
 t - the amulet of Apanos (around neck) {+Rage +Fly rC- Int+3}
   (You took it off a deep elf death mage on level 3 of the Elven Halls)

   [amulet of rage]

   It affects your intelligence (+3).
   It makes you vulnerable to cold.
   It lets you fly.
   It lets you go berserk.
 u - an uncursed amulet of regeneration
 K - an uncursed amulet of magic regeneration
 O - an uncursed ring of see invisible
 T - an uncursed ring of flight
 U - the ring of Joebeng (right hand) {rF+ Dex+5 Stlth+}
   (You took it off a deep elf mage on level 3 of the Elven Halls)

   [ring of dexterity]

   It affects your dexterity (+5).
   It protects you from fire.
   It makes you more stealthy.
 W - an uncursed ring of protection from cold
 X - an uncursed ring of protection from cold
 Y - an uncursed ring of protection from magic
Wands
 e - a wand of paralysis (17)
 l - a wand of acid (8)
 J - a wand of flame (11)
Scrolls
 j - 8 scrolls of teleportation
 n - 2 scrolls of fear
 C - 13 scrolls of identify
 P - 19 scrolls of remove curse
Potions
 h - 4 potions of heal wounds
 i - a potion of berserk rage
 k - 6 potions of flight
 r - 3 potions of magic
 s - a potion of curing
Miscellaneous
 z - a fan of gales
 G - a lamp of fire
 M - a crystal ball of energy
Comestibles
 f - 50 rations


   Skills:
 * Level 23.2 Fighting
 - Level 16.1 Long Blades
   Level 7.6(7.7) Axes
   Level 2.6(8.7) Polearms
 - Level 16.0 Throwing
 - Level 13.5 Armour
 * Level 24.5 Dodging
 - Level 3.0 Stealth
 - Level 17.4 Shields
 - Level 1.2 Spellcasting
 - Level 3.0 Ice Magic
 + Level 20.3 Invocations
 + Level 15.8 Evocations


You had 27 spell levels left.
You knew the following spells:

 Your Spells              Type           Power        Failure   Level  Hunger
a - Freeze                Ice            #...         38%         1    ##.....

Your spell library contained the following spells:

 Spells                   Type           Power        Failure   Level  Hunger
 Throw Frost              Conj/Ice       #.....       75%         2    ###....
 Animate Skeleton         Necr           N/A          82%         1    ##.....
 Apportation              Tloc           #.....       82%         1    ##.....
 Confusing Touch          Hex            #.....       82%         1    ##.....
 Corona                   Hex            #......      82%         1    ##.....
 Flame Tongue             Conj/Fire      #....        82%         1    ##.....
 Magic Dart               Conj           #...         82%         1    ##.....
 Pain                     Necr           #...         82%         1    ##.....
 Summon Small Mammal      Summ           #...         82%         1    ##.....
 Blink                    Tloc           N/A          92%         2    ###....
 Call Imp                 Summ           #.......     92%         2    ###....
 Corpse Rot               Necr           N/A          92%         2    ###....
 Shroud of Golubria       Chrm/Tloc      #.....       92%         2    ###....
 Slow                     Hex            #.......     92%         2    ###....
 Throw Flame              Conj/Fire      #.....       92%         2    ###....
 Ozocubu's Armour         Chrm/Ice       #.......     93%         3    ####...
 Call Canine Familiar     Summ           #.......     99%         3    ####...
 Confuse                  Hex            #.......     99%         3    ####...
 Conjure Flame            Conj/Fire      #.......     99%         3    ####...
 Gell's Gravitas          Tloc           #.........   99%         3    ####...
 Inner Flame              Hex/Fire       #.......     99%         3    ####...
 Lesser Beckoning         Tloc           #.........   99%         3    ####...
 Mephitic Cloud           Conj/Pois/Air  #.......     99%         3    ####...
 Portal Projectile        Hex/Tloc       #.....       99%         3    ####...
 Recall                   Summ/Tloc      N/A          99%         3    ####...
 Regeneration             Chrm/Necr      #.........   99%         3    ####...
 Static Discharge         Conj/Air       #.......     99%         3    ####...
 Stone Arrow              Conj/Erth      #.....       99%         3    ####...
 Summon Guardian Golem    Hex/Summ       #.......     99%         3    ####...
 Teleport Other           Tloc           #.......     99%         3    ####...
 Vampiric Draining        Necr           #.........   99%         3    ####...
 Animate Dead             Necr           N/A          100%        4    #####..
 Cause Fear               Hex            #.........   100%        4    #####..
 Force Lance              Conj/Tloc      #.......     100%        4    #####..
 Ice Form                 Ice/Tmut       #.......     100%        4    #####..
 Leda's Liquefaction      Hex/Erth       #.........   100%        4    #####..
 Petrify                  Tmut/Erth      #.......     100%        4    #####..
 Sticky Flame             Conj/Fire      #.......     100%        4    #####..
 Summon Ice Beast         Ice/Summ       #.......     100%        4    #####..
 Summon Lightning Spire   Summ/Air       #.......     100%        4    #####..
 Throw Icicle             Conj/Ice       #.......     100%        4    #####..
 Borgnjor's Vile Clutch   Necr/Erth      #.........   100%        5    ######.
 Fireball                 Conj/Fire      #.........   100%        5    ######.
 Iskenderun's Battlesphe  Conj/Chrm      #.......     100%        5    ######.
 Lightning Bolt           Conj/Air       #.........   100%        5    ######.
 Metabolic Englaciation   Hex/Ice        #.........   100%        5    ######.
 Silence                  Hex/Air        #.........   100%        5    ######.
 Summon Forest            Summ/Tloc      #.........   100%        5    ######.
 Yara's Violent Unravell  Hex/Tmut       #.........   100%        5    ######.
 Bolt of Cold             Conj/Ice       #.........   100%        6    #######
 Bolt of Fire             Conj/Fire      #.........   100%        6    #######
 Conjure Ball Lightning   Conj/Air       #.........   100%        6    #######
 Death Channel            Necr           #.........   100%        6    #######
 Deflect Missiles         Chrm/Air       #.........   100%        6    #######
 Dispersal                Tloc           #.........   100%        6    #######
 Freezing Cloud           Conj/Ice/Air   #.........   100%        6    #######
 Hydra Form               Tmut           #.........   100%        6    #######
 Ozocubu's Refrigeration  Ice            #.........   100%        6    #######
 Simulacrum               Ice/Necr       #.........   100%        6    #######
 Dragon Form              Tmut           #.........   100%        7    #######
 Haunt                    Necr/Summ      #.........   100%        7    #######
 Summon Hydra             Summ           #.........   100%        7    #######
 Borgnjor's Revivificati  Necr           #.........   100%        8    #######
 Controlled Blink         Tloc           N/A          100%        8    #######
 Death's Door             Chrm/Necr      #.........   100%        8    #######
 Disjunction              Tloc           #.........   100%        8    #######
 Ignition                 Fire           #.........   100%        8    #######
 Infestation              Necr           #.........   100%        8    #######
 Necromutation            Tmut/Necr      #.........   100%        8    #######
 Dragon's Call            Summ           #.........   100%        9    #######
 Shatter                  Erth           #.........   100%        9    #######
 Tornado                  Air            #.........   100%        9    #######
 Passage of Golubria      Tloc           Unusable     N/A         4    N/A

Dungeon Overview and Level Annotations

Branches:
Dungeon (15/15)              Lair (6/6) D:10         Shoals (4/4) Lair:2
 Spider (4/4) Lair:2        Slime (0/5) Lair:5          Orc (2/2) D:12
    Elf (3/3) Orc:2        Vaults (5/5) D:13          Crypt (0/3) Vaults:2
 Depths (5/5) D:15           Hell (visited)             Dis (0/7) Hell
    Geh (0/7) Hell            Tar (0/7) Hell            Zot (5/5) Depths:5
Volcano (visited)
 Temple: D:4-7          Coc: Hell:1

Altars:
Ashenzari
Cheibriados
Dithmenos
Elyvilon
Hepliaklqana
Nemelex Xobeh
Qazlal
Sif Muna
Trog
Uskayaw
Vehumet
Wu Jian
Zin
The Shining One
Lugonu

Shops:
D:6 }   D:8 [   D:10 *   Orc:1 =?(*   Orc:2 [=(*   Elf:1 [[:(   Elf:2 *
Elf:3 :*   Vaults:2 [   Vaults:3 [   Vaults:5 [   Depths:1 }   Depths:4 *

Portals:
Hell: Depths:1 Depths:2 Depths:3 Depths:4 Depths:5
Abyss: Depths:1 Depths:4
Pandemonium: Depths:3
Ziggurat: Depths:4
Trove: Vaults:2 (give 8 potions of agility)

Annotations:
D:3 Natasha
D:4 exclusion: statue
Lair:1 3 runed translucent doors, Olid's ghost, journeyman DrCj
Shoals:3 5 transporters
Hell exclusion: 2 ice statues
Zot:3 Tiamat


Innate Abilities, Weirdness & Mutations

You revert to your normal form in water.
You are very nimble and swift while swimming.
You are very stealthy in the water. (Stealth+)
You are partially covered in icy blue scales. (AC +2)
You are mostly covered in iridescent scales. (AC +4)
Scrolls take you a little longer to read.
Your mind is very acute. (Int +4)
Your flesh is heat resistant. (rF+)
You do not regenerate when monsters are visible.
You evolve.
Your spells are a little easier to cast, but a little less powerful.


Message History

There is a stone staircase leading up here.
You climb upwards.
There is a stone staircase leading down here.
There is a large open door here.
There is a large open door here.
There is a stone staircase leading up here.
You climb upwards.
There is a stone staircase leading down here.
An Orb Guardian comes into view.
Evoke which item? (* to show all) (? for menu, Esc to quit)
Aiming: Dig
Press: ? - help, Shift-Dir - straight line You can't see that place. [some shallow water.]
The rock shatters into small pieces.
The now-empty wand crumbles to dust.
Your legs become a tail as you enter the water.
Your +0 pair of boots melds into your body.
Your +0 pair of boots unmelds from your body.
There is a staircase leading out of the dungeon here.
You have escaped!

..........#.#.# #...########
..........#.#.# #..........#
###.......#.#.# #...######.# #
#.......#X#.########..# #.# #
#.......'.............# #.# #
#.......####.########.# #.# #
#.......'...≈≈≈≈≈...'.# #.#
#.......##..#X###..##.# #.#
#.......#..♣♣P@P♣♣..#.## #.#
##########..♣♣.♣♣..##..#####.#
♣.........♣#........#
♣.♣.≈≈≈.♣.♣########## ##
♣..≈≈8≈≈..♣ .# ♣.♣.≈≈≈.♣.♣ .#
♣.........♣ .# ##..♣♣.♣♣..##
.# #..♣♣P>P♣♣..#


You could see an Orb Guardian.

Vanquished Creatures
  A pandemonium lord (Zot:5)
  3 ancient liches (Zot:5)
  3 orbs of fire (Zot:5)
  A juggernaut (Depths:5)
  Sojobo (Vaults:3)
  Boris (Vaults:3)
  Bai Suzhen (Shoals:4)
  2 Killer Klowns (Zot:5)
  A curse toe (Zot:4)
  9 caustic shrikes
  The ghost of Dacon the Minotaur Blade, an adept MiGl of Gozag (Vaults:2)
  Geryon (Hell)
  10 golden dragons
  A bone dragon (Depths:5)
  A Brimstone Fiend (Depths:1)
  3 electric golems
  12 tentacled monstrosities
  Jorgrun (Elf:2)
  Rupert (D:12)
  3 deep elf blademasters
  Asterion (Vaults:3)
  3 quicksilver dragons
  An Executioner (Zot:1)
  25 Orb Guardians
  2 titans (Vaults:5)
  3 death cobs
  Frances (D:13)
  6 sphinxes
  Gastronok (Orc:1)
  13 tengu reavers
  18 storm dragons
  9 shadow dragons
  8 draconian monks
  7 draconian scorchers
  15 frost giants
  12 deep elf sorcerers
  12 fire giants
  3 balrugs
  6 draconian knights
  6 iron dragons
  9 ghost moths
  An orc warlord (Orc:1)
  Aizul (Vaults:3)
  3 draconian shifters
  22 vault wardens
  A cacodemon (Zot:5)
  An emperor scorpion (shapeshifter) (Zot:1)
  8 emperor scorpions
  4 deep elf elementalists
  An angel (Zot:5)
  5 draconian stormcallers
  2 draconian annihilators
  4 spriggan defenders
  6 reapers (Hell)
  24 stone giants
  17 very ugly things
  A green draconian (shapeshifter) (Zot:1)
  3 war gargoyles
  4 deep elf demonologists
  8 entropy weavers
  9 ironheart preservers
  A lorocyproca (Zot:1)
  A vampire knight (Depths:2)
  2 red draconians (shapeshifter) (Zot:1)
  9 red draconians
  A black draconian (shapeshifter) (Zot:1)
  11 yellow draconians
  10 green draconians
  A purple draconian (shapeshifter) (Zot:1)
  Azrael (D:13)
  A minotaur (Depths:1)
  6 black draconians
  9 white draconians
  7 spark wasps
  16 purple draconians
  5 deep elf annihilators
  A white draconian (shapeshifter) (Zot:1)
  7 deep elf death magi
  2 blizzard demons (Hell)
  4 merfolk impalers
  A large abomination (Vaults:4)
  3 merfolk javelineers
  Snorg (D:11)
  18 ettins
  15 yaktaur captains
  10 deep elf high priests
  9 great orbs of eyes
  12 fire dragons
  4 hydras
  7 ice dragons
  Harold (D:7)
  6 spriggan air magi
  A hydra (shapeshifter) (Vaults:5)
  6 rakshasas
  3 catoblepae
  An alligator snapping turtle (Shoals:1)
  2 death knights
  29 vault guards
  5 merfolk aquamancers
  2 merfolk avatars
  11 centaur warriors
  13 ogre magi
  The ghost of playitleo the Protected, a journeyman GrFi of the Shining One (D:10)
  A death yak (shapeshifter) (Vaults:5)
  36 two-headed ogres
  7 tengu warriors
  24 dancing weapons
  9 deep troll shamans
  6 satyrs
  7 spriggan berserkers
  2 vampire magi
  4 orc high priests
  Urug (D:11)
  4 deep troll earth magi
  13 hell knights
  2 shadow wraiths
  4 iron trolls
  5 soul eaters
  7 sun demons
  2 sixfirhies (Zot:1)
  2 iron golems (Hell)
  20 deep elf knights
  An iron troll (shapeshifter) (Zot:1)
  A sea snake (shapeshifter) (Vaults:3)
  A fire crab (shapeshifter) (Vaults:4)
  A cherub (Depths:1)
  A skeletal warrior (Vaults:2)
  2 anaconda zombies (Hell)
  3 unseen horrors
  8 sea snakes
  5 wizards
  7 glowing orange brains
  9 deep elf archers
  7 flayed ghosts
  A shadow demon (Depths:3)
  11 deep trolls
  2 small abominations
  3 phantasmal warriors
  2 lindwurms (Lair:6)
  5 necromancers
  A swamp dragon (Lair:6)
  20 orc knights
  14 ironbrand convokers
  16 harpies
  66 deep elf magi
  11 orb spiders
  9 oklob plants (Zot:4)
  A salamander (D:15)
  A frost giant zombie (Hell)
  A shining eye (shapeshifter) (Depths:4)
  65 ugly things
  11 manticores
  3 orc sorcerers
  A tengu skeleton (Depths:1)
  28 wolf spiders
  A cyclops (shapeshifter) (D:15)
  21 moths of wrath
  9 cyclopes
  17 fauns
  4 merfolk sirens
  17 vault sentinels
  An elephant (shapeshifter) (Vaults:5)
  A stone giant skeleton (Hell)
  5 smoke demons
  4 elephants (Lair:5)
  A guardian serpent (shapeshifter) (Depths:2)
  10 rust devils
  2 guardian serpents
  7 water nymphs
  2 gargoyles (D:13)
  4 orange demons
  3 spiny frogs
  5 black mambas
  6 torpor snails
  A kobold demonologist (D:11)
  A hellion (Hell)
  3 rime drakes
  Edmund (D:5)
  A yaktaur zombie (Depths:1)
  37 yaktaurs
  A tormentor (Zot:1)
  An efreet (Zot:1)
  8 demonic crawlers
  9 freezing wraiths
  4 ice devils
  A hellwing (Depths:2)
  4 tengu conjurers
  11 komodo dragons
  32 merfolk
  3 meliai (Spider:4)
  5 red devils
  7 trolls
  A meliai (shapeshifter) (Vaults:5)
  2 queen bees
  3 wind drakes
  3 hydra zombies (Hell)
  38 jumping spiders
  Prince Ribbit (D:8)
  3 tyrant leeches (Lair:6)
  A tyrant leech (shapeshifter) (Vaults:5)
  28 slime creatures
  13 snapping turtles
  25 hornets
  A hippogriff (shapeshifter) (D:15)
  5 raiju
  A fire dragon zombie (Hell)
  2 ettin zombies
  An alligator zombie (Hell)
  17 dream sheep
  3 wraiths
  2 centaur simulacra (D:15)
  6 hippogriffs
  A snapping turtle (shapeshifter) (Vaults:3)
  3 spriggans
  2 air elementals
  3 redbacks (shapeshifter)
  18 tarantellas
  18 water elementals
  16 fire elementals
  70 redbacks
  45 yaks
  8 wyverns
  4 hogs (D:9)
  A vampire (D:14)
  A human (D:9)
  3 hungry ghosts
  A neqoxec (Depths:3)
  8 basilisks
  3 steam dragons
  A chaos spawn (Depths:3)
  10 centaurs
  A swamp worm (shapeshifter) (Vaults:5)
  5 vampire mosquitoes (D:14)
  A warg (Vaults:4)
  3 acid dragons
  8 water moccasins
  A hydra simulacrum (Hell)
  2 floating eyes
  27 orc warriors
  16 hell hounds
  4 porcupines
  4 sky beasts
  5 swamp drakes (Lair:6)
  A sky beast (shapeshifter) (Depths:4)
  A black bear (shapeshifter) (Vaults:2)
  An ettin simulacrum (Vaults:3)
  2 eyes of draining (D:11)
  2 phantoms
  2 black bears
  5 ice beasts
  4 wolves
  7 boggarts
  34 ogres
  8 crocodiles
  2 big kobolds
  16 bullfrogs
  7 earth elementals
  4 scorpions (D:6)
  A hornet simulacrum (D:14)
  2 water moccasin skeletons
  32 killer bees
  3 wights (D:15)
  2 electric eels (Spider:4)
  8 crimson imps
  6 centaur zombies
  A bullfrog zombie (D:5)
  A quasit (D:10)
  5 centaur skeletons
  4 jellies
  2 hounds
  16 orc priests
  2 bullfrog skeletons
  16 orc wizards
  Crazy Yiuf (D:5)
  7 iguanas
  Ijyb (D:3)
  Natasha (twice) (D:3)
  5 worker ants
  4 hell rats (Hell)
  A hound zombie (D:10)
  A howler monkey skeleton (D:5)
  16 adders
  11 gnolls
  2 white imps
  An ooze (D:1)
  4 adder zombies
  2 adder skeletons
  5 worms
  3 dart slugs
  4 leopard geckos
  94 orcs
  2 ball pythons
  15 bats
  3 giant cockroaches
  12 goblins
  3 hobgoblins
  8 jackals
  11 kobolds
  6 quokkas
  A ball python zombie (D:4)
  6 frilled lizards
  A giant cockroach zombie (D:5)
  A jackal skeleton (D:8)
  A leopard gecko skeleton (D:5)
  A rat (shapeshifter) (Vaults:5)
  10 rats
  39 bushes (Zot:4)
  A butterfly (Zot:1)
  2 crawling corpses (Elf:3)
  40 fungi
  89 plants
2385 creatures vanquished.

Vanquished Creatures (collateral kills)
  Mara (Shoals:3)
  Xtahua (Vaults:1)
  A storm dragon (Zot:2)
  A storm dragon (shapeshifter) (Vaults:5)
  A frost giant (Vaults:5)
  An orc warlord (Orc:2)
  A vault warden (Vaults:5)
  An ironheart preserver (Vaults:5)
  A very ugly thing (Vaults:5)
  A green draconian (Zot:2)
  A purple draconian (Depths:5)
  Josephine (D:13)
  A yaktaur captain (Vaults:5)
  2 great orbs of eyes
  A spriggan air mage (Depths:2)
  2 centaur warriors (D:14)
  A deep troll shaman (Depths:2)
  An orc high priest (Orc:2)
  2 hell knights (Depths:3)
  A deep elf knight (Orc:1)
  A flayed ghost (Vaults:3)
  An unseen horror (D:13)
  An ironbrand convoker (Vaults:3)
  2 ugly things (D:14)
  4 orc knights
  An orc sorcerer (Orc:2)
  A deep elf mage (Orc:1)
  2 oklob plants (Zot:4)
  A water nymph (Shoals:3)
  2 yaktaurs (Vaults:3)
  2 trolls
  A hornet (Lair:6)
  Grinder (D:5)
  4 wraiths (D:13)
  3 yaks (D:14)
  A basilisk (Shoals:4)
  A vampire mosquito (D:14)
  3 wargs (Orc:2)
  19 orc warriors
  An ice beast (D:14)
  3 ogres
  A necrophage (D:14)
  3 centaurs (D:14)
  An earth elemental (Depths:3)
  A wyvern skeleton (D:14)
  2 howler monkeys (D:13)
  A crimson imp (D:14)
  3 orc priests (Orc:2)
  6 orc wizards
  2 worker ants (D:14)
  15 orcs
  A jackal skeleton (D:5)
114 creatures vanquished.

Vanquished Creatures (others)
  A deep elf master archer (Elf:3)
  A fire giant (Depths:2)
  3 stone giants
  A spark wasp (Depths:3)
  4 yaktaur captains
  2 satyrs (Shoals:4)
  A two-headed ogre (Vaults:4)
  A tengu warrior (Depths:2)
  5 deep elf archers
  An orc knight (Vaults:4)
  A harpy (Shoals:4)
  2 deep elf magi (Elf:1)
  A manticore (Shoals:3)
  A cyclops (Vaults:2)
  A vault sentinel (Vaults:3)
  19 yaktaurs
  2 trolls
  A water elemental (Shoals:2)
  A centaur (Shoals:3)
  Blork the orc (D:5)
  A bush (Elf:1)
  19 fungi
  48 plants
  A withered plant (Shoals:4)
119 creatures vanquished.

Grand Total: 2618 creatures vanquished

Notes
Turn   | Place    | Note
-------+----------+-------------------------------------------
     0 | D:1      | tkbsonic5 the Merfolk Gladiator began the quest for the
                  | Orb.
     0 | D:1      | Reached XP level 1. HP: 16/16 MP: 1/1
    79 | D:1      | Reached XP level 2. HP: 20/23 MP: 2/2
   452 | D:1      | Reached XP level 3. HP: 27/28 MP: 1/3
  1012 | D:2      | Reached XP level 4. HP: 29/35 MP: 4/4
  1148 | D:2      | Found a glowing golden altar of the Shining One.
  1164 | D:2      | Became a worshipper of the Shining One
  1229 | D:2      | Reached skill level 5 in Dodging
  2247 | D:3      | Noticed Natasha
  2256 | D:3      | Killed Natasha
  2256 | D:3      | Reached XP level 5. HP: 35/42 MP: 3/5
  2351 | D:3      | Noticed Natasha
  2360 | D:3      | Killed Natasha
  2497 | D:3      | Noticed Ijyb
  2508 | D:3      | Killed Ijyb
  2508 | D:3      | Reached skill level 6 in Dodging
  2508 | D:3      | Reached XP level 6. HP: 48/48 MP: 6/6
  2681 | D:3      | Found a faded altar of an unknown god.
  2681 | D:3      | Found a shadowy altar of Dithmenos.
  2686 | D:3      | Found an ornate altar of the Wu Jian Council.
  2688 | D:3      | Found a faded altar of an unknown god.
  2689 | D:3      | Found a shattered altar of Ashenzari.
  2786 | D:3      | Noticed Natasha
  2786 | D:3      | You fall into a shaft and drop 1 floor!
  2834 | D:4      | Reached skill level 5 in Long Blades
  2970 | D:4      | Found a radiant altar of Vehumet.
  3244 | D:4      | Learned a level 1 spell: Freeze
  3428 | D:5      | Entered Level 5 of the Dungeon
  3439 | D:5      | Reached * piety under the Shining One
  3464 | D:5      | Noticed an ice beast
  3479 | D:5      | Killed an ice beast
  3631 | D:5      | Reached XP level 7. HP: 55/55 MP: 7/7
  3689 | D:5      | Noticed Grinder
  3701 | D:5      | Noticed Edmund
  3727 | D:5      | Killed Grinder
  3727 | D:5      | Reached skill level 5 in Fighting
  3727 | D:5      | Reached skill level 1 in Polearms
  3727 | D:5      | Reached skill level 1 in Ice Magic
  3727 | D:5      | Reached skill level 1 in Invocations
  3728 | D:5      | Noticed Blork the orc
  3736 | D:5      | Killed Edmund
  3736 | D:5      | Reached skill level 1 in Spellcasting
  3739 | D:5      | Your ally died
  3755 | D:5      | Found a hazy altar of Hepliaklqana.
  3780 | D:5      | Killed a centaur
  3780 | D:5      | Reached skill level 7 in Dodging
  3961 | D:5      | Found a runed translucent door.
  3962 | D:5      | Noticed Crazy Yiuf
  3996 | D:5      | Got a slimy chain mail
  3998 | D:5      | Identified the +1 chain mail of Polish {rElec rPois rF+
                  | Int+5} (You found it on level 5 of the Dungeon)
  4154 | D:5      | Killed Crazy Yiuf
  4192 | D:6      | Reached XP level 8. HP: 60/63 MP: 9/9
  4220 | D:6      | Found Ubrepse's Gadget Shoppe.
  4226 | D:6      | Bought a wand of iceblast (4) for 88 gold pieces
  4226 | D:6      | Bought a wand of iceblast (13) for 187 gold pieces
  4359 | D:6      | Reached skill level 8 in Dodging
  4475 | D:6      | Reached ** piety under the Shining One
  4861 | D:6      | Found the +7 Singing Sword {slice, sonic wave}
  5032 | D:6      | Found a snail-covered altar of Cheibriados.
  5138 | D:7      | Noticed Harold
  5153 | D:7      | Killed Harold
  5153 | D:7      | Reached skill level 9 in Dodging
  5153 | D:7      | Reached skill level 5 in Invocations
  5153 | D:7      | Reached XP level 9. HP: 60/74 MP: 8/13
  5664 | D:7      | Reached skill level 10 in Dodging
  5776 | D:7      | Found a bloodstained altar of Trog.
  6715 | D:7      | Found a glowing silver altar of Zin.
  6816 | D:7      | Found a shimmering blue altar of Sif Muna.
  7041 | D:8      | Noticed Prince Ribbit
  7052 | D:8      | Killed Prince Ribbit
  7052 | D:8      | Reached XP level 10. HP: 68/82 MP: 13/15
  7331 | D:8      | Found Juducw's Armour Shop.
  7342 | D:8      | Bought a +0 shield for 54 gold pieces
  7378 | D:8      | Found a stormy altar of Qazlal.
  7687 | D:9      | Found a hide-covered altar of Uskayaw.
  8015 | D:9      | Noticed a two-headed ogre
  8030 | D:9      | Killed a two-headed ogre
  8030 | D:9      | Reached skill level 1 in Shields
  8550 | D:9      | Reached *** piety under the Shining One
  8900 | D:9      | Reached XP level 11. HP: 69/89 MP: 16/16
  9153 | D:10     | Entered Level 10 of the Dungeon
  9163 | D:10     | Found Giclel's General Store.
  9181 | D:10     | Bought 3 scrolls of teleportation for 126 gold pieces
  9181 | D:10     | Bought a potion of heal wounds for 70 gold pieces
  9226 | D:10     | Reached skill level 1 in Evocations
  9230 | D:10     | Reached skill level 11 in Dodging
  9456 | D:10     | Found a staircase to the Lair.
  9502 | D:10     | Noticed playitleo's ghost (journeyman GrFi)
  9532 | D:10     | Found a transporter.
  9536 | D:10     | Found a transporter.
  9549 | D:10     | Killed playitleo's ghost
  9549 | D:10     | Reached skill level 10 in Fighting
  9549 | D:10     | Reached skill level 1 in Armour
  9842 | D:11     | Noticed Urug
  9855 | D:11     | Killed Urug
  9882 | D:11     | Noticed a cyclops
 10040 | D:11     | Killed a cyclops
 10081 | D:11     | Reached skill level 10 in Long Blades
 10082 | D:11     | Reached XP level 12. HP: 87/98 MP: 18/18
 10103 | D:11     | Noticed Snorg
 10104 | D:11     | Reached **** piety under the Shining One
 10116 | D:11     | Killed Snorg
 10116 | D:11     | Reached skill level 5 in Shields
 10920 | Lair:1   | Entered Level 1 of the Lair of Beasts
 10955 | Lair:1   | Noticed a four-headed hydra
 10959 | Lair:1   | Noticed an ettin
 10959 | Lair:1   | a four-headed hydra changed into an ettin
 10968 | Lair:1   | Killed an ettin
 11191 | Lair:1   | Found a runed translucent gate.
 11191 | Lair:1   | Found a runed translucent gate.
 11191 | Lair:1   | Found a runed translucent gate.
 11194 | Lair:1   | Noticed a minotaur
 11195 | Lair:1   | Noticed Olid's ghost (journeyman DrCj)
 11246 | Lair:1   | Found a hide-covered altar of Uskayaw.
 11320 | Lair:1   | Reached skill level 12 in Dodging
 12183 | Lair:2   | Found a staircase to the Shoals.
 12288 | Lair:2   | Found a hole to the Spider Nest.
 12740 | Lair:3   | You fall into a shaft and drop 3 floors!
 12740 | Lair:6   | Entered Level 6 of the Lair of Beasts
 12788 | Lair:6   | Found a runed translucent door.
 12789 | Lair:6   | Noticed a fire dragon
 12804 | Lair:6   | Killed a fire dragon
 12804 | Lair:6   | Reached skill level 5 in Throwing
 12804 | Lair:6   | Reached XP level 13. HP: 82/106 MP: 15/20
 13195 | Lair:6   | Paralysed by a hornet for 3 turns
 13339 | Lair:5   | Reached skill level 10 in Invocations
 13394 | Lair:4   | Found a stormy altar of Qazlal.
 14551 | Lair:5   | Found a staircase to the Slime Pits.
 14732 | Lair:5   | Reached skill level 5 in Evocations
 15500 | Lair:3   | Gained mutation: Your spells are a little easier to cast,
                  | but a little less powerful. [potion of mutation]
 15500 | Lair:3   | Gained mutation: Scrolls take you a little longer to read.
                  | [potion of mutation]
 15500 | Lair:3   | Gained mutation: You evolve. [potion of mutation]
 15500 | Lair:3   | Gained mutation: Your system is resistant to poisons.
                  | (rPois) [potion of mutation]
 15501 | Lair:3   | Lost mutation: Scrolls take you a little longer to read.
                  | [potion of mutation]
 15501 | Lair:3   | Lost mutation: Your system is resistant to poisons. (rPois)
                  | [potion of mutation]
 15501 | Lair:3   | Gained mutation: Your spells are easier to cast, but less
                  | powerful. [potion of mutation]
 15501 | Lair:3   | Lost mutation: Your spells are easier to cast, but less
                  | powerful. [potion of mutation]
 15501 | Lair:3   | Gained mutation: You are partially covered in iridescent
                  | scales. (AC +2) [potion of mutation]
 15624 | Lair:6   | Reached XP level 14. HP: 114/114 MP: 21/21
 15767 | Lair:6   | Reached skill level 13 in Dodging
 16040 | Lair:6   | Got a brightly glowing broad axe
 16268 | Lair:6   | Gained mutation: Your mind is acute. (Int +2) [evolution]
 16295 | Lair:6   | Identified the cursed +0 broad axe "Heykuylask" {drain,
                  | +Inv rPois rF-} (You found it on level 6 of the Lair of
                  | Beasts)
 16857 | D:12     | Noticed Rupert
 16870 | D:12     | Killed Rupert
 17015 | D:12     | Found a staircase to the Orcish Mines.
 17196 | D:12     | You fall into a shaft and drop 2 floors!
 17612 | D:14     | Reached ***** piety under the Shining One
 18107 | D:15     | Entered Level 15 of the Dungeon
 18327 | D:15     | Reached XP level 15. HP: 109/122 MP: 21/23
 18781 | D:13     | Found a gate to the Vaults.
 19204 | D:13     | Noticed Frances
 19218 | D:13     | Killed Frances
 19365 | D:13     | Noticed Josephine
 19373 | D:13     | Killed Josephine
 19908 | D:8      | Bought the +6 swamp dragon scales "Kuilenel" {rPois Dex+2}
                  | for 1094 gold pieces
 19986 | D:6      | Bought a sack of spiders for 220 gold pieces
 20114 | Orc:1    | Entered Level 1 of the Orcish Mines
 20117 | Orc:1    | Found Ruem's Weapon Shop.
 20131 | Orc:1    | Found Amisined's Magic Scroll Emporium.
 20140 | Orc:1    | Bought a scroll of enchant armour for 90 gold pieces
 20253 | Orc:1    | Noticed an orc warlord
 20277 | Orc:1    | Killed an orc warlord
 20306 | Orc:1    | Identified a scroll of acquirement
 20307 | Orc:1    | Got a bound marble ring
 20309 | Orc:1    | Identified the ring "Fuerch" {Str+5 Dex+4} (You acquired it
                  | on level 1 of the Orcish Mines)
 20375 | Orc:1    | Found Sahatyd's General Store.
 20492 | Orc:1    | Noticed Gastronok
 20506 | Orc:1    | Killed Gastronok
 20511 | Orc:1    | Found Bocasigh's Jewellery Shop.
 20524 | Orc:1    | Bought a +2 amulet of reflection for 82 gold pieces
 20598 | Orc:1    | Found a dark tunnel.
 20610 | Volcano  | Entered a volcano
 20612 | Volcano  | Gained mutation: You are partially covered in icy blue
                  | scales. (AC +2) [evolution]
 20954 | Orc:2    | Entered Level 2 of the Orcish Mines
 20979 | Orc:2    | Noticed an orc warlord
 20996 | Orc:2    | Killed an orc warlord
 20996 | Orc:2    | Reached skill level 15 in Long Blades
 21302 | Orc:2    | Found a staircase to the Elven Halls.
 21389 | Orc:2    | Found Doxta's Jewellery Shop.
 21402 | Orc:2    | Bought an uncursed ring of positive energy for 320 gold
                  | pieces
 21417 | Orc:2    | Found Hymel's Antique Weapon Shop.
 21516 | Orc:2    | Found Heos Xuk's General Store.
 21524 | Orc:2    | Bought a potion of heal wounds for 50 gold pieces
 21524 | Orc:2    | Bought a box of beasts for 200 gold pieces
 21572 | Orc:2    | Found Lyniggar's Antique Armour Shoppe.
 21858 | Spider:1 | Entered Level 1 of the Spider Nest
 22196 | Spider:1 | Reached XP level 16. HP: 130/130 MP: 24/24
 22249 | Spider:1 | Reached skill level 5 in Armour
 22266 | Spider:1 | You fall into a shaft and drop 1 floor!
 22947 | Spider:2 | Reached skill level 14 in Dodging
 23037 | Spider:2 | Got a sparkling pewter amulet
 23039 | Spider:2 | Identified the amulet of Reimbursement {Inacc rF+} (You
                  | found it on level 2 of the Spider Nest)
 23663 | Spider:3 | Reached ****** piety under the Shining One
 24728 | Spider:4 | Entered Level 4 of the Spider Nest
 25030 | Spider:4 | Reached XP level 17. HP: 123/138 MP: 20/26
 25516 | Spider:4 | Reached skill level 10 in Shields
 25531 | Spider:4 | Reached skill level 15 in Dodging
 25707 | Spider:4 | Got a gossamer rune of Zot
 25943 | Shoals:1 | Entered Level 1 of the Shoals
 27603 | Shoals:3 | Noticed Mara
 27606 | Shoals:3 | Noticed tkbsonic5's illusion
 28094 | Shoals:3 | Found a transporter.
 28098 | Shoals:3 | Identified the ring "Eddod" {Ice rPois Str+9 Int-4}
 28099 | Shoals:3 | Found a transporter.
 28112 | Shoals:3 | Found a transporter.
 28126 | Shoals:3 | Found a transporter.
 28126 | Shoals:3 | Found a transporter.
 28129 | Shoals:3 | Reached XP level 18. HP: 147/147 MP: 27/27
 28333 | Shoals:3 | Identified a +6 spear of holy wrath (a +4 spear of venom
                  | blessed by the Shining One)
 28333 | Shoals:3 | Received a gift from the Shining One
 28336 | Shoals:3 | Killed Mara
 28542 | Shoals:4 | Entered Level 4 of the Shoals
 28561 | Shoals:4 | Noticed Bai Suzhen
 28598 | Shoals:3 | Gained mutation: You are mostly covered in iridescent
                  | scales. (AC +4) [evolution]
 28762 | Shoals:4 | Reached skill level 16 in Dodging
 28931 | Shoals:4 | Killed Bai Suzhen
 29335 | Shoals:4 | Got a barnacled rune of Zot
 29923 | Elf:1    | Entered Level 1 of the Elven Halls
 29932 | Elf:1    | Reached skill level 15 in Fighting
 29932 | Elf:1    | Reached skill level 1 in Stealth
 29991 | Elf:1    | Found Sioz's Antique Armour Shop.
 29996 | Elf:1    | Found Jytuitet's Antique Weapon Boutique.
 29996 | Elf:1    | Found Woes Qan's Armour Shop.
 30012 | Elf:1    | Found Dakaga's Book Boutique.
 30217 | Elf:1    | Identified Gogasak's Volume of Creative Arcane Weapons
 30580 | Elf:1    | Reached XP level 19. HP: 155/155 MP: 29/29
 31340 | Elf:2    | Found a huge runed translucent gate.
 31340 | Elf:2    | Found a huge runed translucent gate.
 31341 | Elf:2    | Found a huge runed translucent gate.
 31428 | Elf:2    | Found Todoenun's General Store.
 31438 | Elf:2    | Bought a scroll of magic mapping for 49 gold pieces
 31438 | Elf:2    | Bought a scroll of magic mapping for 49 gold pieces
 31438 | Elf:2    | Bought a sack of spiders for 280 gold pieces
 31634 | Elf:2    | Found a huge runed translucent gate.
 31634 | Elf:2    | Found a huge runed translucent gate.
 31711 | Elf:2    | Noticed Jorgrun
 31736 | Elf:2    | Killed Jorgrun
 32075 | Elf:2    | Reached skill level 17 in Dodging
 32352 | Elf:3    | Entered Level 3 of the Elven Halls
 32456 | Elf:3    | Found Meulyij's Assorted Antiques.
 32464 | Elf:3    | Bought a scroll of enchant armour for 262 gold pieces
 32733 | Elf:3    | Found Dimnaen's Book Emporium.
 33403 | Elf:3    | Identified the ring of Joebeng {rF+ Dex+5 Stlth+}
 33423 | Elf:3    | Reached XP level 20. HP: 164/164 MP: 31/31
 33909 | Elf:3    | Reached skill level 10 in Throwing
 33979 | Elf:3    | Identified the +6 quarterstaff "Beastbane" {speed, +Blink}
 34022 | Elf:3    | Identified the amulet of Apanos {+Rage +Fly rC- Int+3}
 34183 | Elf:3    | Got an ancient long sword
 34184 | Elf:3    | Identified the +2 long sword of Chaos {elec, Int+4 Dex+2}
                  | (You found it on level 3 of the Elven Halls)
 34599 | Vaults:1 | Entered Level 1 of the Vaults
 35126 | Vaults:1 | Reached skill level 15 in Invocations
 35516 | Vaults:2 | Found Puutikh's Armour Emporium.
 35519 | Vaults:2 | Bought the +5 chain mail of Too Many Cooks {+Blink rElec
                  | rF- Dex+2} for 524 gold pieces
 35535 | Vaults:2 | Noticed Xtahua
 35545 | Vaults:2 | Paralysed by Xtahua for 4 turns
 35712 | Vaults:1 | Killed Xtahua
 35868 | Vaults:2 | You fall into a shaft and drop 1 floor!
 35938 | Vaults:3 | Noticed Asterion
 35951 | Vaults:3 | Killed Asterion
 36096 | Vaults:3 | Reached skill level 18 in Dodging
 36114 | Vaults:3 | Reached skill level 10 in Evocations
 36192 | Vaults:3 | Noticed Aizul
 36218 | Vaults:3 | Killed Aizul
 36243 | Vaults:3 | Noticed Boris
 36256 | Vaults:3 | Killed Boris
 36306 | Vaults:3 | Reached XP level 21. HP: 137/172 MP: 26/32
 36708 | Vaults:3 | Found Pachy's Antique Armour Emporium.
 36723 | Vaults:3 | Bought a runed cloak for 225 gold pieces
 36773 | Vaults:3 | Found a hide-covered altar of Uskayaw.
 37018 | Vaults:3 | Noticed Sojobo
 37235 | Vaults:2 | Found a portal to a secret trove of treasure.
 37646 | Vaults:2 | Gained mutation: Your flesh is heat resistant. (rF+)
                  | [evolution]
 37734 | Vaults:2 | Found a staircase to the Crypt.
 37889 | Vaults:2 | Found a large runed translucent door.
 38009 | Vaults:2 | Identified the +3 leather armour of Noub Iwe {rC+ rCorr}
 38125 | Vaults:2 | Reached skill level 10 in Armour
 38394 | Vaults:2 | Found a large runed translucent door.
 38394 | Vaults:2 | Noticed Dacon's ghost (adept MiGl)
 39012 | Vaults:3 | Killed Sojobo
 39541 | Vaults:4 | Reached XP level 22. HP: 182/182 MP: 33/33
 40813 | Vaults:5 | Entered Level 5 of the Vaults
 41158 | Vaults:5 | Reached skill level 19 in Dodging
 41180 | Vaults:5 | Found Cothrech's Armour Boutique.
 41419 | Vaults:5 | Reached skill level 15 in Shields
 41459 | Vaults:5 | Reached XP level 23. HP: 176/190 MP: 33/35
 41828 | Vaults:5 | Identified the +3 falchion of Kismet {flame, rPois MR+
                  | Str-2 Int+6}
 41834 | Vaults:5 | Identified the amulet "Hablir" {+Rage rPois Dex+2}
 42549 | Vaults:5 | Identified the cursed +1 hand axe of the Spider {freeze,
                  | MP+9 Str+3 Dex+4 Stlth+}
 42627 | Vaults:5 | Identified the +2 leather armour of Insatiable Hunger
                  | {rElec MR+ Str+4 Dex-4}
 42732 | Vaults:5 | Noticed a golden dragon
 42740 | Vaults:5 | Killed a golden dragon
 42769 | Vaults:5 | Got a silver rune of Zot
 44115 | D:15     | Found a staircase to the Depths.
 44142 | Depths:1 | Entered Level 1 of the Depths
 44142 | Depths:1 | Found a one-way gate to the infinite horrors of the Abyss.
 44390 | Depths:1 | Found a gateway to Hell.
 44399 | Depths:1 | Found Vasmaigg's Gadget Shoppe.
 44573 | Orc:2    | Bought an uncursed ring of flight for 280 gold pieces
 44573 | Orc:2    | Bought the ring of Woudeawe {*Tele +Inv rPois Slay+2
                  | Stlth+} for 590 gold pieces
 44662 | Orc:2    | Bought an uncursed amulet of magic regeneration for 480
                  | gold pieces
 44762 | Orc:1    | Bought a wand of acid (8) for 264 gold pieces
 44818 | Elf:1    | Bought a brightly glowing executioner's axe for 525 gold
                  | pieces
 44818 | Elf:1    | Bought a scorched battleaxe for 402 gold pieces
 44818 | Elf:1    | Identified the cursed +1 battleaxe of Discretion {flame,
                  | *Corrode MR++} (You bought it in a shop on level 1 of the
                  | Elven Halls)
 44819 | Elf:1    | Identified the +4 executioner's axe "Pashubuq" {chop, rF+
                  | Dex+3 SInv} (You bought it in a shop on level 1 of the
                  | Elven Halls)
 44826 | Elf:1    | Bought a +1 hat of magic resistance for 288 gold pieces
 45073 | D:6      | Bought a phial of floods for 440 gold pieces
 45261 | D:15     | Gained mutation: Your mind is very acute. (Int +4)
                  | [evolution]
 45339 | Depths:1 | Reached XP level 24. HP: 191/201 MP: 33/35
 45606 | Depths:1 | Identified the +5 chain mail of Purpose {Int+3 Dex-2
                  | Stlth+} (You found it on level 1 of the Depths)
 45860 | Depths:1 | Found the +8 autumn katana {slice, Clar}
 46161 | Depths:2 | Found a white marble altar of Elyvilon.
 46162 | Depths:2 | Found a snail-covered altar of Cheibriados.
 46162 | Depths:2 | Found a shattered altar of Ashenzari.
 46728 | Depths:2 | Paralysed by a floating eye for 4 turns
 46809 | Depths:2 | Identified the ring "Eceaq" {rN+ Stlth+}
 46898 | Depths:2 | Identified the +1 falchion of Action {venom, +Fly rC++
                  | Dex-5 Stlth+}
 46971 | Depths:2 | Reached skill level 20 in Dodging
 47339 | Depths:2 | Reached skill level 1 in Axes
 47823 | Depths:3 | Lost mutation: Your mind is very acute. (Int +4) [a
                  | neqoxec]
 47846 | Depths:3 | Reached XP level 25. HP: 210/210 MP: 35/35
 48141 | Depths:3 | Found a one-way gate leading to the halls of Pandemonium.
 48176 | Depths:3 | Identified the cursed +1 trident "Nad Ciung" {pain, Str+3}
                  | (You found it on level 3 of the Depths)
 48335 | Depths:3 | Identified the +2 ring mail of the Planets {-Cast rF++
                  | Dex+4 Stlth+}
 49135 | Depths:4 | Identified the cursed +0 arbalest "Ogytos" {penet, +Inv
                  | rElec Dex-5}
 49432 | Depths:4 | Found a gateway to a ziggurat.
 49570 | Depths:4 | Found Detuk's Evil Emporium.
 49572 | Depths:4 | Found a corrupted altar of Lugonu.
 49720 | Depths:4 | Found a corrupted altar of Lugonu.
 49777 | Depths:5 | Entered Level 5 of the Depths
 49984 | Depths:5 | Noticed a juggernaut
 50005 | Depths:5 | Killed a juggernaut
 50591 | Depths:5 | Reached XP level 26. HP: 219/219 MP: 36/36
 51018 | Depths:5 | Found a white marble altar of Elyvilon.
 51089 | Depths:5 | Reached skill level 21 in Dodging
 51091 | Depths:5 | Found a sparkling altar of Nemelex Xobeh.
 51310 | Depths:5 | Reached skill level 15 in Throwing
 51745 | Depths:5 | Found a gate to the Realm of Zot.
 52015 | Hell     | Entered the Vestibule of Hell
 52016 | Hell     | Noticed Geryon
 52077 | Hell     | Killed Geryon
 52077 | Hell     | Reached skill level 5 in Axes
 52323 | Hell     | Found a gateway to the ashen valley of Gehenna.
 52376 | Hell     | Found a gateway to the decaying netherworld of Tartarus.
 52481 | Hell     | Found a gateway to the Iron City of Dis.
 52651 | Zot:1    | Entered Level 1 of the Realm of Zot
 52654 | Zot:1    | You fall into a shaft and drop 1 floor!
 52953 | Zot:2    | HP: 7/220 [golden dragon/bolt of cold (21)]
 53064 | Zot:2    | Reached XP level 27. HP: 61/228 MP: 8/36
 53707 | Zot:1    | Reached skill level 22 in Dodging
 55198 | Zot:3    | You fall into a shaft and drop 1 floor!
 55569 | Zot:3    | Identified the +4 dragonskin cloak
 55569 | Zot:3    | Noticed Tiamat
 56921 | Zot:4    | Gained mutation: Your mind is very acute. (Int +4)
                  | [evolution]
 57835 | Zot:5    | Entered Level 5 of the Realm of Zot
 59343 | Zot:5    | Reached skill level 23 in Dodging
 59611 | Zot:5    | Noticed an ancient lich
 60551 | D:13     | Noticed Azrael
 60563 | D:13     | Killed Azrael
 60699 | Vaults:2 | Killed Dacon's ghost
 60699 | Vaults:2 | Reached skill level 15 in Evocations
 61020 | Elf:2    | Bought the +9 plate armour "Xaseiram" {+Blink rF+ rCorr
                  | Dex-2} for 1265 gold pieces
 62023 | Zot:5    | Killed an ancient lich
 62264 | Zot:5    | Noticed an ancient lich
 62275 | Zot:5    | Noticed an orb of fire
 62279 | Zot:5    | Killed an ancient lich
 62285 | Zot:5    | Noticed an ancient lich
 62288 | Zot:5    | Killed an orb of fire
 62296 | Zot:5    | Killed an ancient lich
 62906 | Zot:5    | Noticed an orb of fire
 62934 | Zot:5    | Killed an orb of fire
 62934 | Zot:5    | Reached skill level 24 in Dodging
 63597 | Zot:5    | Noticed an orb of fire
 63608 | Zot:5    | Gained mutation: You do not regenerate when monsters are
                  | visible. [an orb of fire]
 63622 | Zot:5    | Killed an orb of fire
 63942 | Zot:5    | Got the Orb of Zot
 64048 | Zot:5    | Noticed Qunesm the pandemonium lord
 64091 | Zot:5    | Killed Qunesm the pandemonium lord
 64116 | Zot:5    | Gained mutation: Scrolls take you a little longer to read.
                  | [a cacodemon]
 64485 | Depths:2 | Noticed a seraph
 64875 | D:$      | Escaped with the Orb!

Levels and vault maps discovered:
D:1:      tarquinn_simple_flora_water_b, layout_basic
D:2:      layout_basic, tso_metal_star, minmay_box_of_dots
D:3:      layout_basic, chequers_temple_overflow_minitemple, uniq_ijyb,
          uniq_natasha
D:4:      layout_basic, vehumet_statue, serial_glass, glass_columns_c,
          glass_columns_a, minmay_close_crescents
D:5:      layout_rooms, basic_altar, first_ration, uniq_grinder, uniq_edmund,
          uniq_blork_the_orc, uniq_crazy_yiuf_cottage
D:6:      old_forge, layout_rooms, cheibrodos_worm_habitat, serial_shops, shop
D:7:      layout_loops_corners, overflow_temple_1_default,
          gammafunk_temple_overflow_pools, minmay_temple_entry_from_below_a,
          uniq_harold
D:8:      layout_rooms, enter_bailey_3, serial_shops, shop, basic_altar,
          uniq_prince_ribbit1
D:9:      layout_irregular_city, basic_altar, grunt_livestock
D:10:     layout_roguey, david_lair_shrubbed, serial_shops, nicolae_shop_trees,
          gammafunk_ghost_hive
D:11:     layout_basic, uniq_urug, uniq_snorg
D:12:     layout_rooms, hiddenorc2_lemuel, uniq_rupert
D:13:     layout_basic, david_vaults_2, uniq_josephine, uniq_azrael,
          uniq_frances
D:14:     layout_basic
D:15:     hangedman_depths_entry_try_elsewhere_first, layout_irregular_city,
          columned_hall_lemuel, minmay_misc_feat_tower, serial_park_tiny_1,
          grunt_ministairs_3, minmay_fractal_squares_diagonal_5
Lair:1:   layout_cave_shapes, maelrawn_ghost_gauntlet_escape, basic_altar,
          fungi_pond_lemuel, lemuel_fruit_fields
Lair:2:   layout_small_grid, elwin_shoals_entry_rooms,
          spider_nest_entry_funnel_web, minivault_23,
          eino_small_chamber_without_monster, st_stairs_11
Lair:3:   layout_chaotic_city, lemuel_fruit_fields
Lair:4:   layout_loops_ring, basic_altar, chequers_serial_rivers_micro_c
Lair:5:   layout_regular_city, minmay_slime_entry_pillars, serial_bayou_shore_b
Lair:6:   wormcave, layout_gridlike, guppyfry_lair_end_dragon
Shoals:1: layout_shoals
Shoals:2: layout_shoals
Shoals:3: gammafunk_the_bubble [the_bubble_gammafunk_roulette], layout_shoals,
          uniq_mara
Shoals:4: shoals_end_grunt_garden, layout_shoals, argonaut_gorgonesque,
          uniq_bai_suzhen
Spider:1: layout_chambers
Spider:2: layout_spider_delve
Spider:3: layout_spider_delve
Spider:4: spider_rune_water, special_room [special_room_bee]
Orc:1:    layout_caves, enter_volcano_3, serial_shops,
          nicolae_shop_behind_doors, shop, nicolae_shop_crystal,
          nicolae_shop_behind_doors, elf_legates, uniq_gastronok
Orc:2:    grunt_orc_gardens, layout_diamond_mine, grunt_orc_garden,
          grunt_orc_garden, grunt_orc_garden, grunt_orc_garden, special_room
Elf:1:    eino_elf_arrival_sip, layout_geoelf_octagon, minmay_elf_sorcery,
          minmay_shoptagon
Elf:2:    layout_geoelf_octagon, serial_shops, shop, minivault_25, uniq_jorgrun
Elf:3:    minmay_elf_hall_x, layout_geoelf_octagon, serial_shops, shop,
          shop_fountains
Vaults:1: hangedman_vaults_corner_blocks, vaults_mumra_minichess_inversion,
          nicolae_vaults_back_hallway, serial_ice_b, ontoclasm_vaults_bender,
          v_rooms_4, hangedman_vaults_pinch,
          hangedman_vaults_stretched_pinwheel, hangedman_vaults_capsules,
          vaults_room_pool, hangedman_vaults_impose, layout_vaults_omnicross
Vaults:2: ebering_vaults_ghost_disaster_area, v_rooms_2,
          nicolae_vaults_hallways_thing, grunt_vaults_hallway_short,
          minmay_crypt_entry_simple_walls, nicolae_vaults_little_squares_3,
          layout_vaults_omnigrid, serial_shops, shop,
          nicolae_trove_entry_crossroad, uniq_xtahua
Vaults:3: v_misc_5, v_pattern_1, hangedman_vaults_variations, st_eye, v_misc_30,
          nicolae_vaults_ninety_degrees, dpeg_vaults_monster_box,
          v_alt_pattern_1, nicolae_vaults_big_angled_halls, v_misc_22,
          ontoclasm_vaults_shuriken, ontoclasm_vaults_gateway, v_misc_13,
          v_misc_25, layout_vaults_maze, basic_altar, serial_shops, shop,
          uniq_aizul, uniq_asterion, uniq_sojobo, uniq_boris
Vaults:4: nicolae_vaults_triangles, grunt_vaults_diagonal, grunt_vaults_bifocal,
          nicolae_vaults_little_squares_3, nicolae_vaults_border_crossing,
          nicolae_vaults_rhombus_6, v_pattern_5, hangedman_vaults_trim,
          v_misc_5, hangedman_vaults_snaps, v_misc_15, layout_vaults_omnibox
Vaults:5: serial_shops
Depths:1: layout_gridville, minmay_misc_feat_chi, serial_shops, shop,
          abyss_entry, hell_entry, minivault_11, serial_bayou_pond_e,
          minivault_22, drop_trap, serial_sigils_hangedman_snap,
          corner_web_ring, wheals_unrand_guarded_autumn_katana
Depths:2: hangedman_slaughterboxes, hell_entry
Depths:3: evilmike_inaccessible_box, layout_small_grid, serial_bayou_lagoon_a,
          rand_demon_pan_entry_4, hell_entry, hangedman_cracks_in_the_wall
Depths:4: minmay_the_grid_square_5x5_3x3 [minmay_the_grid_square_5x5_one_wall,
          minmay_the_grid_square_5x5_intrusive_squares,
          minmay_the_grid_square_5x5_seven, minmay_the_grid_square_5x5_n,
          minmay_the_grid_square_5x5_megaprize_checkered,
          minmay_the_grid_square_5x5_six,
          minmay_the_grid_square_5x5_beaten_path,
          minmay_the_grid_square_5x5_bracketed,
          minmay_the_grid_square_5x5_moneybag], layout_gridville,
          enter_ziggurat_c, abyss_entry_flame_altar, hell_entry,
          kennysheep_crisscross, nicolae_evil_shop
Depths:5: grunt_twist_and_shout, layout_basic, hell_entry, nicolae_water_bricks,
          hangedman_feature_mirror, kennysheep_random_hallway
Hell
Zot:1:    hangedman_orp_of_zott, layout_basic
Zot:2:    layout_concentric_octagons
Zot:3:    layout_cathedral_of_symmetry, st_large_dragon_hoard_3, uniq_tiamat
Zot:4:    grunt_zot_stairs_overgrown, layout_gridlike
Zot:5:    layout_cathedral_of_symmetry

Skill      XL: |  1  2  3  4  5  6  7  8  9 10 11 12 13 14 15 16 17 18 19 20 21 22 23 24 25 26 27 |
---------------+----------------------------------------------------------------------------------+-----
Fighting       | 3 4 5 7 8 9 10 11 12 13 14 15 16 17 18 19 20 21 23 | 23.2
Long Blades    | 4 5 6 9 10 11 12 16 | 16.1
Dodging        | 5 6 7 9 10 11 12 13 14 15 16 17 18 19 20 21 24 | 24.5
Polearms       | 2 |  2.6
Ice Magic      | 1 2 3 |  3.0
Invocations    | 2 5 6 7 8 9 10 11 12 13 14 15 16 17 18 19 20 | 20.3
Spellcasting   | 1 |  1.2
Shields        | 2 4 6 7 8 9 10 11 12 13 14 15 16 17 | 17.4
Evocations     | 2 3 5 6 7 9 10 11 12 13 14 15 | 15.8
Throwing       | 3 5 6 7 8 9 10 11 12 13 14 15 16 | 16.0
Armour         | 2 3 4 6 7 8 9 10 11 12 13 | 13.5
Stealth        | 2 3 |  3.0
Axes           | 1 4 6 7 |  7.6

Action                   |  1- 3 |  4- 6 |  7- 9 | 10-12 | 13-15 | 16-18 | 19-21 | 22-24 | 25-27 || total
-------------------------+-------+-------+-------+-------+-------+-------+-------+-------+-------++-------
Melee: Long sword        |    92 |   102 |   286 |   111 |       |       |       |       |       ||   591
       Unarmed           |       |     1 |       |       |       |       |       |       |       ||     1
       Spear             |       |       |     6 |     1 |   172 |    15 |    35 |    28 |       ||   257
       Double sword      |       |       |       |   229 |   521 |   728 |   636 |   777 |  1092 ||  3983
       Tailslap          |       |       |       |     2 |     2 |    26 |       |       |       ||    30
       Katana            |       |       |       |       |       |       |       |    42 |   500 ||   542
       Falchion          |       |       |       |       |       |       |       |       |    14 ||    14
       Broad axe         |       |       |       |       |       |       |       |       |     2 ||     2
 Fire: Hunting sling     |       |       |     2 |       |       |       |       |       |       ||     2
Throw: Throwing net      |     6 |       |     2 |     5 |       |       |       |    12 |     2 ||    27
       Dart              |       |    36 |    42 |    74 |       |       |       |    12 |    51 ||   215
       Javelin           |       |       |       |    25 |    84 |    65 |   395 |   480 |   245 ||  1294
       Boomerang         |       |       |       |       |    98 |   154 |       |     1 |    33 ||   286
Invok: Divine Shield     |       |       |     1 |    10 |     8 |     3 |     8 |     9 |    30 ||    69
       Cleansing Flame   |       |       |       |     1 |     6 |       |     5 |     6 |     7 ||    25
       Summon Divine War |       |       |       |       |     4 |     3 |     3 |     3 |     3 ||    16
       Brand Weapon With |       |       |       |       |       |     1 |       |       |       ||     1
 Abil: Evoke Berserk Rag |       |       |       |       |       |       |       |       |     1 ||     1
Evoke: Wand              |       |     2 |    18 |    11 |    47 |    18 |    47 |    58 |    43 ||   244
       Sack of spiders   |       |       |       |       |     1 |       |     5 |     3 |     1 ||    10
       Box of beasts     |       |       |       |       |       |     1 |     1 |     1 |       ||     3
       Lamp of fire      |       |       |       |       |       |       |     4 |    10 |    10 ||    24
       Fan of gales      |       |       |       |       |       |       |     2 |     4 |     5 ||    11
       Phantom mirror    |       |       |       |       |       |       |     1 |       |       ||     1
       Phial of floods   |       |       |       |       |       |       |       |     3 |     3 ||     6
  Use: Scroll            |     3 |     8 |    10 |     7 |    20 |    13 |    22 |    13 |    23 ||   119
       Potion            |     1 |     1 |     4 |     7 |    18 |     4 |    12 |     3 |    25 ||    75
 Stab: Held in net/web   |     5 |       |       |       |       |       |       |       |       ||     5
       Sleeping          |     2 |       |       |       |       |       |       |       |       ||     2
  Eat: Ration            |       |     4 |     2 |     5 |    11 |     7 |    10 |     9 |    17 ||    65
       Chunk             |       |     1 |       |     2 |       |     1 |       |       |       ||     4
Armor: Leather armour    |    21 |     6 |       |       |       |       |       |       |       ||    27
       Scale mail        |       |    34 |     5 |       |       |       |       |       |       ||    39
       Chain mail        |       |       |   144 |   110 |   149 |       |       |       |       ||   403
       Swamp dragon scal |       |       |       |       |    41 |   197 |    21 |       |       ||   259
       Gold dragon scale |       |       |       |       |       |       |   126 |   241 |   511 ||   878
       Plate armour      |       |       |       |       |       |       |       |       |    30 ||    30
Dodge: Dodged            |    72 |    51 |   185 |   101 |   275 |   541 |   215 |   224 |   682 ||  2346
Block: Other             |       |       |     7 |       |       |       |       |       |       ||     7
       Shield            |       |       |       |   179 |   412 |   636 |   396 |   502 |  1283 ||  3408
       Reflection        |       |       |       |       |    19 |    67 |    88 |    72 |    42 ||   288
       Rpst.: Long sword |    24 |    20 |    52 |     6 |       |       |       |       |       ||   102
       Double sword      |       |       |       |    20 |    44 |    77 |    34 |    32 |    80 ||   287
       Katana            |       |       |       |       |       |       |       |     2 |    23 ||    25
       Falchion          |       |       |       |       |       |       |       |       |     2 ||     2
